 Dungeon Crawl Stone Soup version 0.18-a0-76-g3fe7f8b (webtiles) character file.

305 Proton the Covered (level 6, -6/57 HPs)
             Began as a Deep Dwarf Fighter on Nov 12, 2015.
             Mangled by a mummy (13 damage)
             ... in an ossuary.
             The game lasted 00:06:06 (2344 turns).

Proton the Covered (Deep Dwarf Fighter)             Turns: 2344, Time: 00:06:06

Health: -6/57      AC:  9    Str: 22    XL:     6   Next: 16%
Magic:  6/6        EV:  8    Int:  8    God:
Gold:   243        SH: 10    Dex: 16    Spells: 0 memorised, 5 levels left

rFire  . . .     SeeInvis .     a - +0 war axe
rCold  . . .     Clarity  .     b - +0 scale mail
rNeg   . . .     SustAt   +     c - +0 shield
rPois  .         Gourm    .     j - +0 helmet
rElec  .         Spirit   .     (no cloak)
rCorr  .         Warding  .     v - +0 pair of gloves
rMut   .         Stasis   .     (no boots)
MR     .....                    (no amulet)
Stlth  ..........               s - ring of sustain attributes
                                g - +4 ring of dexterity

@: non-regenerating, not resistant to hostile enchantments, extremely unstealthy
A: damage resistance, recharge devices, sense surroundings 1, slow regeneration
3
a: Device Recharging


You were in an ossuary.
You were not hungry.

You visited 1 branch of the dungeon, and saw 4 of its levels.
You also visited: Ossuary.

You collected 243 gold pieces.

Inventory:

Hand Weapons
 a - a +0 war axe (weapon)
Armour
 b - a +0 scale mail (worn)
 c - a +0 shield (worn)
 j - a +0 helmet (worn)
 v - a +0 pair of gloves (worn)
Jewellery
 g - a +4 ring of dexterity (left hand)
 i - an uncursed ring of wizardry
 s - a ring of sustain attributes (right hand)
Wands
 e - a wand of heal wounds (5)
Scrolls
 k - a scroll of fog {unknown}
 l - a scroll of enchant weapon {unknown}
 m - a scroll of noise {unknown}
 n - a scroll of random uselessness {unknown}
 o - 5 scrolls of identify {unknown}
 p - a scroll of magic mapping {unknown}
 x - a scroll of amnesia {unknown}
Potions
 d - a potion of might
 h - a potion of degeneration {unknown}
 q - 2 potions of curing {unknown}
 t - a potion of heal wounds {unknown}
 u - a potion of lignification {unknown}
Comestibles
 f - 3 bread rations
 r - 2 fruits
 w - a beef jerky


   Skills:
 + Level 3.8 Fighting
 + Level 3.7 Axes
 + Level 4.6 Armour
 + Level 1.5 Dodging
 + Level 1.0 Stealth
 + Level 4.6 Shields


You had 5 spell levels left.
You didn't know any spells.

Dungeon Overview and Level Annotations

Branches:
Dungeon (4/15)
 Temple: D:4-7

Altars:
Sif Muna
Zin
The Shining One

Annotations:
D:4 Proton's ghost, amateur DDFi


Innate Abilities, Weirdness & Mutations

You are resistant to damage.
You can recharge devices by infusing magical energy.
You passively map a small area around you.
You do not regenerate naturally.


Message History

You destroy the hound zombie!
Your Stealth skill increases to level 1!
You hit the goblin zombie.
The goblin zombie hits you but does no damage.
You slash the goblin zombie!
You destroy the goblin zombie!
A mummy comes into view.
Found a scroll labeled YDGHOL ZAZ QOQ and 2 scrolls labeled FEEKESEBEA.
Found a gate leading back out of this place.
You hit the mummy.
The mummy is lightly damaged.
The mummy barely misses you.
You slash the mummy!
The mummy is heavily damaged.
The mummy hits you!
* * * LOW HITPOINT WARNING * * *
You slash the mummy!
The mummy is almost destroyed.
The mummy hits you!
You die...

...................#
.......∩∩..........# ∩*
...................##, #
....................#..#
.......................#
.......................#
#...............##.....#
#...............##.....#
...............@M.....#
....................#
..#####.........#+##
...........#??# , ,
∩...........#??# *
################


You could see a mummy.

Vanquished Creatures
  A centaur skeleton (D:4)
  An orc priest (D:3)
  An orc wizard (D:3)
  Jessica (D:2)
  Natasha (twice) (D:2)
  A big kobold zombie (Ossuary)
  3 hound zombies (Ossuary)
  3 adders
  2 oozes
  An adder zombie (Ossuary)
  A worm (D:3)
  2 giant geckos
  7 orcs (D:3)
  4 bats
  2 goblins
  6 hobgoblins
  2 quokkas
  2 ball pythons
  2 giant cockroaches
  4 giant newts
  2 goblin zombies (Ossuary)
  3 hobgoblin zombies (Ossuary)
  2 jackal zombies (Ossuary)
  5 kobolds
  4 rats
64 creatures vanquished.

Notes
Turn   | Place    | Note
--------------------------------------------------------------
     0 | D:1      | Proton the Deep Dwarf Fighter began the quest for the Orb.
     0 | D:1      | Reached XP level 1. HP: 20/20 MP: 1/1
   312 | D:1      | Reached XP level 2. HP: 25/27 MP: 2/2
   800 | D:2      | Reached skill level 4 in Armour
   800 | D:2      | Reached XP level 3. HP: 29/34 MP: 3/3
  1087 | D:2      | Noticed Jessica
  1095 | D:2      | Killed Jessica
  1113 | D:2      | Noticed Natasha
  1118 | D:2      | Killed Natasha
  1118 | D:2      | Reached XP level 4. HP: 35/42 MP: 4/4
  1164 | D:2      | Noticed Natasha
  1171 | D:2      | Killed Natasha
  1301 | D:2      | Found a glowing golden altar of the Shining One.
  1668 | D:3      | Found a glowing silver altar of Zin.
  1906 | D:3      | Reached XP level 5. HP: 32/49 MP: 5/5
  2109 | D:3      | Found a deep blue altar of Sif Muna.
  2130 | D:3      | Reached skill level 1 in Dodging
  2247 | D:4      | Noticed Proton's ghost (amateur DDFi)
  2309 | D:4      | Found a sand-covered staircase.
  2318 | Ossuary  | Entered an ossuary
  2330 | Ossuary  | Reached XP level 6. HP: 18/57 MP: 6/6
  2331 | Ossuary  | Reached skill level 1 in Stealth
  2344 | Ossuary  | Mangled by a mummy

Vault maps used:
D:1:      dpeg_arrival_fog
D:2:      lemuel_coloured_pillars_altar, uniq_jessica, uniq_natasha
D:3:      zin_statuary, led_sif_book
D:4:      first_bread, nicolae_ossuary_entry_ruins, uniq_eustachio, uniq_duvessa
Ossuary:  ossuary_minmay_tomb_2a

Action                   |  1- 3 |  4- 6 || total
-------------------------+-------+-------++-------
Melee: War axe           |    79 |   100 ||   179
  Eat: Meat ration       |       |     1 ||     1
